 Dungeon Crawl Stone Soup version 0.17-a0-477-g451446c (webtiles) character file.

1764 krae the Ducker (level 9, -5/55 HPs)
             Began as an Octopode Transmuter on Apr 8, 2015.
             Was a Follower of Cheibriados.
             Slain by a phantom (9 damage)
             ... on level 8 of the Dungeon.
             The game lasted 00:50:38 (7518 turns).

krae the Ducker (Octopode Transmuter)               Turns: 7518, Time: 00:50:39

Health: -5/55      AC:  1    Str: 11    XL:     9   Next: 7%
Magic:  15/15      EV: 16    Int: 20    God:    Cheibriados [*.....]
Gold:   464        SH:  0    Dex: 15    Spells: 4 memorised, 5 levels left

rFire  . . .     SeeInvis .       - Unarmed
rCold  . . .     Clarity  .     (no shield)
rNeg   . . .     SustAb   +     (helmet restricted)
rPois  +         Gourm    .     (no amulet)
rElec  .         Spirit   .     o - ring of poison resistance
rCorr  .         Warding  .     t - ring of sustain abilities
rMut   .         Stasis   .     (no ring)
MR     .....                    (no ring)
Stlth  ++........               (no ring)
                                (no ring)
                                (no ring)
                                (no ring)

@: appendage (expiring), very slow, not resistant to hostile enchantments,
unstealthy
A: almost no armour, amphibious, 8 rings, constrict 8, tentacle spike 3,
camouflage 1, gelatinous body 1
a: End Transformation, Bend Time, Renounce Religion


You were on level 8 of the Dungeon.
You worshipped Cheibriados.
Cheibriados was aware of your devotion.
You were not hungry.
One of your tentacles had a temporary spike.
You visited 2 branches of the dungeon, and saw 10 of its levels.

You collected 504 gold pieces.
You spent 40 gold pieces at shops.


Innate Abilities, Weirdness & Mutations

You cannot wear most types of armour.
You are amphibious.
You can wear up to eight rings at the same time.
You can use your tentacles to constrict eight enemies at once.
Your skin changes colour to match your surroundings (Stealth).
Your rubbery body absorbs attacks (AC +1).
One of your tentacles bears a large vicious spike.


   Skills:
 - Level 2.5 Fighting
 + Level 6.3 Dodging
 - Level 6.2 Unarmed Combat
 - Level 4.5 Spellcasting
 + Level 5.4 Transmutations
 + Level 2.3 Invocations
 - Level 1.2 Evocations


You had 5 spell levels left.
You knew the following spells:

 Your Spells              Type           Power        Failure   Level  Hunger
c - Ice Form              Ice/Trmt       ###.....     45%         4    ####...
x - Blade Hands           Trmt           ####......   38%         5    ######.
z - Beastly Appendage     Trmt           ####..       1%          1    None
Z - Sticks to Snakes      Trmt           ####......   1%          2    #......

Inventory:

Hand weapons
 C - a +0 shortbow of flaming
 D - a +0 shortbow
Missiles
 b - 115 arrows
 h - 49 poisoned needles
 s - 22 sling bullets
 B - 15 exploding sling bullets
Jewellery
 o - a ring of poison resistance (left tentacle)
 t - a ring of sustain abilities (right tentacle)
Magical devices
 p - a wand of digging (12)
 y - a wand of cold (3)
 A - a wand of paralysis (11)
 E - a wand of cold (8)
Scrolls
 c - a scroll of immolation {!r}
 e - a scroll of enchant weapon
 g - a scroll of teleportation {@r4}
 i - 3 scrolls of remove curse
 r - 2 scrolls of identify {@r1}
 x - a scroll of recharging
Potions
 j - 4 potions of resistance
 k - 3 potions of brilliance
 l - 3 potions of curing {@q1}
 m - a potion of berserk rage {!q}
 q - 2 potions of invisibility
 w - 3 potions of restore abilities
 z - a potion of ambrosia {!q}
 F - a potion of agility
Books
 d - a book of Changes
 v - a book of Burglary
Comestibles
 a - 6 bread rations
 f - 2 meat rations
 n - 2 royal jellies
 u - 2 beef jerkies
 G - 4 chunks of flesh

Dungeon Overview and Level Annotations

Branches:
Dungeon (9/15)             Temple (1/1) D:7            Lair (0/8) D:8
    Orc: D:9-12

Altars:
Ashenzari
Cheibriados
Dithmenos
Elyvilon
Fedhas
Gozag
Kikubaaqudgha
Makhleb
Nemelex Xobeh
Okawaru
Qazlal
Ru
Sif Muna
Trog
Vehumet
Xom
Yredelemnul
Zin
The Shining One

Shops:
D:4 *   D:7 [

Annotations:
D:4 ZiggyStardust's ghost, average OpWz >.P #.# #.# #..####.####) .PPP ##l## #.#####..# #..)... P.PP

#...# #...%.........#####
PPPP##...# #....
..####### P..# #...####
##.. .%. .#####...##.##
#.# #
##.......?.#.###.##o##.#
..†.......###...Wo.......
##.........#.###x#.#...#
## #####...##.# #.#.# .#
#. #...#### #.. . #.
#...# ###.#> ....####W
#...# .#.. #....)..
#######.## # #.%####<
..... ..# #. [## ..# ..
..####.)# ##.


You could see a phantom, an orc warrior and an orc.


Message History

The orc warrior shouts!
You tentacle-slap the phantom.
You pierce the phantom, but do no damage.
The phantom is lightly damaged.
You hear a shout! x2
The phantom closely misses you.
Your transformation is almost over.
The phantom hits you. The orc warrior closely misses you.
You barely miss the orc warrior. You grab the orc warrior.
You constrict the orc warrior. The phantom hits you!
The orc warrior hits you with a halberd!
* * * LOW HITPOINT WARNING * * *
Drink which item? (? for menu, Esc to quit)
Okay, then.
Evoke which item? (* to show all) (? for menu, Esc to quit)
Zapping:
A - a wand of paralysis (13)
Aim: an orc warrior, wielding a halberd and wearing a plate armour (lightly wounded, constricted by you, chance 49%)
The orc warrior resists with some effort.
This wand has 12 charges left.
You constrict the orc warrior. The phantom hits you!
* * * LOW HITPOINT WARNING * * *
Evoke which item? (* to show all) (? for menu, Esc to quit)
Zapping:
A - a wand of paralysis (12)
Aim: an orc warrior, wielding a halberd and wearing a plate armour (lightly wounded, constricted by you, chance 49%)
The orc warrior resists with some effort.
This wand has 11 charges left.
You constrict the orc warrior.
The orc warrior hits you with a halberd!
* * * LOW HITPOINT WARNING * * *
The phantom hits you!
You die...

Action                   |  1- 3 |  4- 6 |  7- 9 || total
-------------------------+-------+-------+-------++-------
Melee: Unarmed           |    61 |   146 |   243 ||   450
 Cast: Beastly Appendage |     8 |    30 |    34 ||    72
       Sticks to Snakes  |     9 |    16 |    46 ||    71
Evoke: Wand              |       |       |     7 ||     7
  Use: Scroll            |       |    12 |    12 ||    24
       Potion            |       |       |     4 ||     4
 Stab: Sleeping          |     3 |     2 |     4 ||     9
       Distracted        |       |     1 |       ||     1
       Paralysed         |       |       |     3 ||     3
  Eat: Chunk             |     3 |     7 |     6 ||    16
       Fruit             |       |       |     4 ||     4
       Meat ration       |       |       |     1 ||     1

Vault maps used:
D:1:      scummos_arrival_star
D:2:      uniq_iyjb
D:4:      lemuel_doored_altar, serial_shops, shop, nicolae_elemental_shop
D:5:      basic_altar, first_bread
D:6:      grunt_qazlal_sundering, hangedman_decor_growths, uniq_eustachio
D:7:      minmay_temple_entry_junction, serial_shops, kennysheep_mini_moat,
          nemelex_diamond_rough_becter
D:8:      david_lair_shrubbed
D:9:      the_bakery
Temple:   minmay_crystal_snake_temple_18

Notes
Turn   | Place    | Note
--------------------------------------------------------------
     0 | D:1      | krae, the Octopode Transmuter, began the quest for the Orb.
     0 | D:1      | Reached XP level 1. HP: 13/13 MP: 3/3
    85 | D:1      | Reached XP level 2. HP: 13/18 MP: 3/5
    89 | D:1      | Learned a level 2 spell: Sticks to Snakes
   589 | D:2      | Noticed Ijyb
   603 | D:2      | Reached skill level 4 in Unarmed Combat
   690 | D:2      | Reached XP level 3. HP: 15/23 MP: 1/6
  1493 | D:3      | Reached XP level 4. HP: 26/28 MP: 7/7
  1546 | D:3      | Killed Ijyb
  1546 | D:3      | Reached skill level 5 in Unarmed Combat
  2094 | D:3      | Reached XP level 5. HP: 28/33 MP: 6/8
  2348 | D:4      | Found Mumy's Elemental Accessories.
  2527 | D:4      | Noticed an ogre
  2527 | D:4      | Found Wogai's Assorted Antiques.
  2531 | D:4      | Reached skill level 3 in Dodging
  2531 | D:4      | Reached XP level 6. HP: 38/38 MP: 3/10
  2569 | D:4      | Killed an ogre
  2606 | D:4      | Bought a scroll of identify for 40 gold pieces
  2651 | D:4      | Reached skill level 3 in Spellcasting
  3216 | D:4      | Found a radiant altar of Vehumet.
  3277 | D:4      | Reached skill level 3 in Transmutations
  3307 | D:4      | Noticed ZiggyStardust's ghost (average OpWz)
  3365 | D:5      | Entered Level 5 of the Dungeon
  3386 | D:4      | Reached XP level 7. HP: 35/43 MP: 10/12
  3728 | D:5      | Found a white marble altar of Elyvilon.
  4051 | D:5      | Reached skill level 4 in Dodging
  4361 | D:5      | Reached skill level 4 in Spellcasting
  4361 | D:5      | Reached skill level 4 in Transmutations
  4717 | D:6      | Noticed Eustachio
  4750 | D:6      | Killed Eustachio
  4757 | D:6      | Reached XP level 8. HP: 39/48 MP: 5/14
  5079 | D:6      | Reached skill level 5 in Dodging
  5138 | D:6      | Identified 4 potions of resistance
  5214 | D:6      | Found a stormy altar of Qazlal.
  5394 | D:7      | Found Wunoilucs's Armour Boutique.
  5537 | D:7      | Found a staircase to the Ecumenical Temple.
  5548 | Temple   | Entered the Ecumenical Temple
  5681 | Temple   | Became a worshipper of Cheibriados the Contemplative
  5847 | D:7      | Found a sparkling altar of Nemelex Xobeh.
  5897 | D:7      | Reached skill level 2 in Fighting
  5927 | D:8      | HP: 1/50 [orc warrior/halberd (15)]
  6140 | D:8      | Reached skill level 6 in Unarmed Combat
  6312 | D:7      | Noticed a five-headed hydra
  6904 | D:8      | Reached skill level 1 in Evocations
  7072 | D:8      | Reached skill level 5 in Transmutations
  7309 | D:8      | Reached skill level 6 in Dodging
  7309 | D:8      | Reached skill level 1 in Invocations
  7313 | D:8      | Acquired Cheibriados's first power
  7383 | D:8      | Reached skill level 2 in Invocations
  7383 | D:8      | Reached XP level 9. HP: 34/55 MP: 13/15
  7463 | D:8      | Learned a level 5 spell: Blade Hands
  7470 | D:8      | Learned a level 4 spell: Ice Form
  7488 | D:8      | Found a staircase to the Lair.
  7503 | D:8      | Noticed a komodo dragon
  7518 | D:8      | HP: 4/55 [orc warrior/halberd (16)]
  7518 | D:8      | Slain by a phantom

Vanquished Creatures
  An orc warrior (D:8)
  3 centaurs
  An ogre (D:8)
  3 giant frogs
  3 wights
  A hound (D:4)
  A giant frog zombie (D:6)
  2 orc priests
  A crimson imp (D:5)
  Ijyb (D:3)
  2 giant frog skeletons (D:4)
  7 worker ants
  3 orc wizards
  A worker ant zombie (D:7)
  2 gnolls (D:4)
  7 adders
  31 orcs
  7 bats
  A bat zombie (D:5)
  5 giant cockroaches
  5 goblins
  5 hobgoblins
  34 jackals
  4 quokkas
  2 ball pythons
  4 giant geckos
  7 giant newts
  9 kobolds
  6 rats
159 creatures vanquished.

Vanquished Creatures (collateral kills)
  Eustachio (D:6)
  A phantom (D:5)
  2 ogres
  A giant frog (D:6)
  An orc priest (D:6)
  An orc wizard (D:6)
  A worker ant (D:4)
  2 iguanas
  4 adders
  2 orcs
  A giant newt (D:4)
  2 goblins
19 creatures vanquished.

Vanquished Creatures (others)
  3 plants (D:8)
3 creatures vanquished.

Grand Total: 181 creatures vanquished
